 Dungeon Crawl Stone Soup version 0.24.1 (webtiles) character file.

Game seed: 3430785211492668352, levelgen mode: deterministic

1952376 fritzmikael the Petrodigitator (level 27, 175/175 HPs)
             Began as a Gargoyle Earth Elementalist on Mar 31, 2020.
             Was a Follower of Uskayaw.
             Escaped with the Orb
             ... and 4 runes on Apr 1, 2020!
             The game lasted 06:46:10 (107726 turns).

fritzmikael the Petrodigitator (GrEE)             Turns: 107726, Time: 06:46:11

Health: 175/175    AC: 63    Str: 24      XL:     27
Magic:  41/48      EV: 14    Int: 31      God:    Uskayaw [*.....]
Gold:   6034       SH: 22    Dex:  9 (10) Spells: 25/68 levels left

rFire    + + .     SeeInvis .   H - +9 quick blade (venom)
rCold    + + .     Gourm    .   u - +4 shield {rC+}
rNeg     + + .     Faith    .   Z - +10 shadow dragon scales
rPois    ∞         Spirit   .   E - +2 helmet {Int+3}
rElec    +         Reflect  .   y - scarf {repulsion}
rCorr    +         Harm     .   e - +2 pair of gloves {Str+3}
MR       ++...                  x - +0 pair of boots "Inouf" {Str+4 Int+2 Stlth+}
Stlth    +++.......             U - amulet of the acrobat (curse)
HPRegen  0.39/turn              h - ring of resist corrosion
MPRegen  0.31/turn              I - ring of Secrets {rF++ rN+}

@: flying, studying Slings, repel missiles
A: big wings, large bone plates 1, thin metallic scales 1, cold resistance 1,
deterioration 1, frail 1, negative energy resistance 1, electricity resistance,
strong 1, unbreathing, petrification resistance, no potion heal 1, rot immunity,
AC +20
0: Orb of Zot
}: 4/15 runes: decaying, serpentine, slimy, silver
a: Stop Flying, Stomp, Renounce Religion


You escaped.
You worshipped Uskayaw.
Uskayaw was pleased with you.
You were not hungry.

You visited 13 branches of the dungeon, and saw 59 of its levels.
You also visited: Ossuary, Ice Cave and Wizlab.

You collected 10310 gold pieces.
You spent 4276 gold pieces at shops.

Inventory:

Hand Weapons
 H - a +9 quick blade of venom (weapon)
Missiles
 b - 1163 stones (quivered)
Armour
 e - a +2 pair of gloves of strength (worn)
 u - a +4 shield of cold resistance (worn)
 x - the +0 pair of boots "Inouf" (worn) {Str+4 Int+2 Stlth+}
   (You found it on level 5 of the Pits of Slime)

   It affects your strength (+4).
   It affects your intelligence (+2).
   It makes you more stealthy.
 y - a scarf of repulsion (worn)
 E - a +2 helmet of intelligence (worn)
 Z - +10 shadow dragon scales (worn)
Magical Staves
 W - an uncursed staff of wizardry
Jewellery
 h - a ring of resist corrosion (left hand)
 j - an uncursed amulet of faith
 r - an uncursed ring of see invisible
 z - a +4 ring of slaying
 F - a +3 ring of slaying
 I - the ring of Secrets (right hand) {rF++ rN+}
   (You took it off an orc on level 3 of the Crypt)

   [ring of positive energy]

   It greatly protects you from fire.
   It protects you from negative energy.
 J - an uncursed ring of protection from cold
 R - an uncursed ring of protection from magic
 U - a cursed amulet of the acrobat (around neck)
Wands
 a - a wand of clouds (10)
 K - a wand of digging (8)
Scrolls
 c - 15 scrolls of amnesia
 o - 15 scrolls of identify
 q - 17 scrolls of teleportation
 v - 6 scrolls of magic mapping
 A - 16 scrolls of remove curse
 C - 5 scrolls of fear
 L - 2 scrolls of enchant armour
 M - a scroll of summoning
 O - 3 scrolls of blinking
 T - 3 scrolls of holy word
 V - 9 scrolls of fog
 X - 3 scrolls of silence
Potions
 f - a potion of invisibility
 g - 4 potions of magic
 i - 4 potions of mutation
 k - 10 potions of cancellation
 l - 9 potions of brilliance
 m - 19 potions of curing
 n - 3 potions of resistance
 p - 6 potions of ambrosia
 s - 11 potions of might
 t - 10 potions of heal wounds
 D - 5 potions of berserk rage
 G - 6 potions of agility
Books
 N - a manual of Slings
Miscellaneous
 w - a lamp of fire
Comestibles
 d - 27 rations


   Skills:
 + Level 25.8 Fighting
 - Level 10.0 Short Blades
 + Level 23.0 Armour
 - Level 12.0 Dodging
 - Level 12.0 Stealth
 - Level 15.0 Shields
 + Level 21.3 Spellcasting
 - Level 10.0 Conjurations
 - Level 1.0 Necromancy
 - Level 1.0 Transmutations
 O Level 27 Earth Magic
 + Level 15.3 Invocations
 - Level 2.0 Evocations


You had 25 spell levels left.
You knew the following spells:

 Your Spells              Type           Power        Failure   Level  Hunger
a - Sandblast             Erth           ######       0%          1    None
b - Passwall              Tmut/Erth      #######.     0%          2    None
c - Stone Arrow           Conj/Erth      ######       0%          3    None
d - Lee's Rapid Deconstr  Erth           ########..   0%          5    None
e - Petrify               Tmut/Erth      #######.     1%          4    None
f - Iron Shot             Conj/Erth      #######...   1%          6    None
g - Mephitic Cloud        Conj/Pois/Air  ######..     2%          3    None
h - Borgnjor's Vile Clut  Necr/Erth      #######...   1%          5    None
i - Blink                 Tloc           N/A          4%          2    None
j - Shatter               Erth           ########..   4%          9    ######.
k - Regeneration          Chrm/Necr      #####.....   7%          3    None

Your spell library contained the following spells:

 Spells                   Type           Power        Failure   Level  Hunger
 Animate Skeleton         Necr           N/A          1%          1    None
 Beastly Appendage        Tmut           #####.       1%          1    None
 Flame Tongue             Conj/Fire      #####        1%          1    None
 Magic Dart               Conj           ####         1%          1    None
 Pain                     Necr           ####         1%          1    None
 Shock                    Conj/Air       ####         1%          1    None
 Searing Ray              Conj           ######       1%          2    None
 Throw Flame              Conj/Fire      ######       1%          2    None
 Conjure Flame            Conj/Fire      ######..     1%          3    None
 Dazzling Spray           Conj/Hex       ######       1%          3    None
 Static Discharge         Conj/Air       ######..     1%          3    None
 Iskenderun's Mystic Bla  Conj           #######.     1%          4    None
 Leda's Liquefaction      Hex/Erth       #######...   1%          4    None
 Bolt of Magma            Conj/Fire/Erth #######...   1%          5    None
 Apportation              Tloc           ####..       2%          1    None
 Confusing Touch          Hex            ####..       2%          1    None
 Corona                   Hex            ####...      2%          1    None
 Summon Butterflies       Summ           ####....     2%          1    None
 Summon Small Mammal      Summ           ####         2%          1    None
 Corpse Rot               Necr           N/A          2%          2    None
 Sticks to Snakes         Tmut           #####...     2%          2    None
 Force Lance              Conj/Tloc      ######..     3%          4    None
 Fulminant Prism          Conj/Hex       ######....   3%          4    None
 Sticky Flame             Conj/Fire      ######..     3%          4    None
 Call Imp                 Summ           ####....     4%          2    None
 Ensorcelled Hibernation  Hex/Ice        ####..       4%          2    None
 Poisonous Vapours        Pois/Air       ####..       4%          2    None
 Slow                     Hex            ####....     4%          2    None
 Swiftness                Chrm/Air       ####....     4%          2    None
 Spider Form              Tmut/Pois      #####.....   7%          3    None
 Ignite Poison            Fire/Tmut/Pois #####...     8%          3    None
 Call Canine Familiar     Summ           ####....     9%          3    None
 Confuse                  Hex            ####....     9%          3    None
 Gell's Gravitas          Tloc           ####......   9%          3    None
 Inner Flame              Hex/Fire       ####....     9%          3    None
 Lesser Beckoning         Tloc           ####......   9%          3    None
 Portal Projectile        Hex/Tloc       ####..       9%          3    None
 Recall                   Summ/Tloc      N/A          9%          3    None
 Summon Guardian Golem    Hex/Summ       ####....     9%          3    None
 Tukima's Dance           Hex            ####....     9%          3    None
 Bolt of Draining         Conj/Necr      ######....   9%          5    None
 Fireball                 Conj/Fire      ######....   10%         5    None
 Lightning Bolt           Conj/Air       ######....   10%         5    None
 Animate Dead             Necr           N/A          19%         4    None
 Ice Form                 Ice/Tmut       #####...     22%         4    None
 Airstrike                Air            ####......   28%         4    None
 Cause Fear               Hex            ####......   28%         4    None
 Summon Ice Beast         Ice/Summ       ####....     28%         4    None
 Summon Lightning Spire   Summ/Air       ####....     28%         4    None
 Agony                    Necr           #####...     45%         5    None
 Blade Hands              Tmut           #####.....   45%         5    None
 Dispel Undead            Necr           #####...     45%         5    None
 Bolt of Fire             Conj/Fire      ######....   50%         6    None
 Conjure Ball Lightning   Conj/Air       ######....   50%         6    None
 Alistair's Intoxication  Tmut/Pois      #####...     54%         5    None
 Excruciating Wounds      Chrm/Necr      #####.....   54%         5    None
 Yara's Violent Unravell  Hex/Tmut       #####.....   54%         5    None
 Metabolic Englaciation   Hex/Ice        ####......   61%         5    None
 Silence                  Hex/Air        ####......   61%         5    None
 Summon Forest            Summ/Tloc      ####......   61%         5    None
 Summon Mana Viper        Hex/Summ       ####....     61%         5    None
 Freezing Cloud           Conj/Ice/Air   ######....   73%         6    None
 Death Channel            Necr           #####.....   96%         6    None
 Simulacrum               Ice/Necr       #####.....   98%         6    None
 Darkness                 Hex            ####......   99%         6    None
 Deflect Missiles         Chrm/Air       ####......   99%         6    None
 Invisibility             Hex            ####....     99%         6    None
 Ring of Flames           Chrm/Fire      ####......   100%        7    ##.....
 Summon Hydra             Summ           ####......   100%        7    ##.....
 Controlled Blink         Tloc           N/A          100%        8    ####...
 Discord                  Hex            ####......   100%        8    ####...
 Ignition                 Fire           ####......   100%        8    ####...
 Tornado                  Air            ####......   100%        9    ######.
 Statue Form              Tmut/Erth      Unusable     N/A         6    N/A
 Sublimation of Blood     Necr           Unusable     N/A         2    N/A
 Passage of Golubria      Tloc           Unusable     N/A         4    N/A

Dungeon Overview and Level Annotations

Branches:
Dungeon (15/15)            Temple (1/1) D:5            Lair (6/6) D:11
  Swamp (4/4) Lair:3        Snake (4/4) Lair:3        Slime (5/5) Lair:5
    Orc (2/2) D:11            Elf (3/3) Orc:2        Vaults (5/5) D:14
  Crypt (3/3) Vaults:2       Tomb (0/3) Crypt:3      Depths (5/5) D:15
   Hell (visited)             Dis (0/7) Hell            Geh (0/7) Hell
    Coc (0/7) Hell            Tar (0/7) Hell            Zot (5/5) Depths:5
Ossuary (visited)           IceCv (visited)          WizLab (visited)

Altars:
Ashenzari
Cheibriados
Dithmenos
Elyvilon
Fedhas
Gozag
Hepliaklqana
Kikubaaqudgha
Makhleb
Nemelex Xobeh
Okawaru
Qazlal
Ru
Sif Muna
Trog
Uskayaw
Vehumet
Wu Jian
Xom
Yredelemnul
Zin
The Shining One
Beogh
Jiyva

Shops:
D:7 :   D:8 :   D:10 *   D:13 **(   Orc:2 !(%[=   Elf:2 }   Vaults:1 =**(*
Vaults:2 ***   Vaults:5 :

Portals:
Hell: Lair:6 Depths:1 Depths:2 Depths:3 Depths:4 Depths:5
Abyss: Depths:4
Pandemonium: Depths:2 Depths:3
Ziggurat: Depths:1

Annotations:
D:3 Ijyb
Elf:3 1 runed translucent door, Blodwynpig's ghost, adept GrBe


Innate Abilities, Weirdness & Mutations

You are resistant to torment.
Your stone body is resilient. (AC +20)
You are immune to poison.
Your large and strong wings let you fly indefinitely.
You resist negative energy. (rN+)
You are resistant to electric shocks. (rElec)
You can survive without breathing.
You are immune to petrification.
You are immune to rotting.
You are partially covered in large bone plates. (SH +4)
You are partially covered in thin metallic scales. (AC +2)
Your flesh is cold resistant. (rC+)
Your body sometimes deteriorates upon taking damage.
You are frail. (-10% HP)
Your muscles are strong. (Str +2)
Potions are less effective at restoring your health.


Message History

There is a stone staircase leading down here.
You block the Orb Guardian's attack.
You see here a +0 dagger.
You block the Orb Guardian's attack.
There is a stone staircase leading up here.
You kill the Orb Guardian!
You fly upwards.
There is a stone staircase leading down here.
There is a stone staircase leading up here.
You fly upwards.
There is a stone staircase leading down here.
Evoke which item? (* to show all) (? for menu, Esc to quit)
Aiming: Dig
Press: ? - help, Shift-Dir - straight line A rock wall.
This square is covered in magical glow.
The rock shatters into small pieces.
There is a staircase leading out of the dungeon here.
You can't go down here!
You have escaped!

### ##### ##.# #.#@##
### #..# #....# #.##
##.### #.#..##
#..####...#.
#...#.####...###..##
####.[....#####..##..##
#..###.#.#.# #..###.#.
#..###.#..## ##.#..##.
#......##..#####...####
#.......##....##.######


There were no monsters in sight!

Vanquished Creatures
  the Royal Jelly (Slime:5)
  Khufu (Crypt:1)
  Mara (Snake:4)
  5 orbs of fire
  7 ancient liches
  2 juggernauts (Depths:4)
  A greater mummy (Crypt:1)
  2 Killer Klowns (Zot:5)
  the Lernaean hydra (Swamp:4)
  The ghost of Rili Hei the Executioner, a veteran MiBe of Trog (Elf:2)
  2 caustic shrikes
  Bai Suzhen (Depths:2)
  Frederick (Crypt:1)
  Saint Roka (Crypt:3)
  Geryon (Hell)
  6 golden dragons
  2 bone dragons
  the Enchantress (Depths:2)
  4 electric golems
  8 liches
  The ghost of Fejituf the Hoplite, an adept MiFi of Okawaru (Elf:2)
  The ghost of Gerad the Fencer, a veteran VSAK of Lugonu (Elf:2)
  The ghost of agentgt the Covert, an adept HuVM of Kikubaaqudgha (Elf:1)
  16 tentacled monstrosities
  9 quicksilver dragons
  Rupert (D:14)
  28 Orb Guardians
  17 titans
  3 deep elf master archers (Elf:3)
  An Executioner (Depths:1)
  3 deep elf blademasters
  10 death cobs
  20 acid blobs
  5 ancient champions
  Kirke (Lair:5)
  8 sphinxes
  The ghost of Sagen the Devastator, an adept DrCj of Vehumet (Snake:3)
  The ghost of Yfast the Brawler, an adept TrFi of Jiyva (Snake:3)
  Agnes (D:15)
  8 shadow dragons
  The ghost of Tuffe the Warrior, an adept FoFi of Okawaru (Snake:3)
  14 storm dragons
  10 azure jellies
  4 revenants
  Roxanne (Swamp:3)
  8 tengu reavers
  14 frost giants
  3 draconian monks
  6 draconian knights
  10 deep elf sorcerers
  7 fire giants
  17 nagarajas
  3 orc warlords
  Aizul (Elf:3)
  22 vault wardens
  3 iron dragons
  3 draconian scorchers
  The ghost of UMR1352 the Spear-Bearer, a journeyman MiFi of Trog (Elf:2)
  Louise (D:15)
  3 ghost moths
  9 draconian shifters
  2 angels
  A balrug (Hell)
  4 curse skulls
  8 deep elf elementalists
  10 ironheart preservers
  7 spriggan defenders
  3 reapers (Hell)
  8 draconian annihilators
  19 stone giants
  An entropy weaver (shapeshifter) (Depths:4)
  6 vampire knights
  2 entropy weavers
  9 war gargoyles
  14 very ugly things
  8 green draconians
  5 deep elf demonologists (Elf:3)
  11 black draconians
  Nessos (D:14)
  A black sun (Zot:1)
  17 white draconians
  3 lorocyprocas (Hell)
  8 deep elf annihilators
  Azrael (D:12)
  8 purple draconians
  4 spark wasps (Depths:3)
  11 red draconians
  10 yellow draconians
  An orange crystal statue (WizLab)
  12 ettins
  5 deep elf death magi
  3 crystal guardians (Crypt:3)
  3 mummy priests (Crypt:1)
  13 fire dragons
  8 jiangshi
  8 death oozes
  24 yaktaur captains
  2 deep elf high priests (Elf:3)
  14 great orbs of eyes
  11 ice dragons
  2 hell beasts
  27 vault guards
  2 ghost crabs
  4 rakshasas
  5 spriggan air magi
  33 hydras
  7 naga warriors
  12 centaur warriors
  15 ogre magi
  16 anacondas
  A satyr (shapeshifter) (Vaults:4)
  18 alligators
  A shambling mangrove (Swamp:1)
  42 two-headed ogres
  3 death yaks
  40 dancing weapons
  6 tengu warriors
  A queen ant (shapeshifter) (Depths:4)
  4 deep troll earth magi
  7 deep troll shamans
  7 vampire magi
  2 death knights
  3 titan zombies (Crypt:3)
  17 hell hogs (Hell)
  8 orc high priests
  4 shock serpents
  8 spriggan berserkers
  10 naga sharpshooters
  10 hell knights
  18 deep elf knights
  7 sun demons
  7 soul eaters
  2 iron golems (Hell)
  4 salamander mystics
  A storm dragon zombie (Crypt:3)
  A shadow wraith (Vaults:5)
  A fire crab (shapeshifter) (Vaults:2)
  17 deep trolls
  2 sixfirhies
  39 skeletal warriors
  A storm dragon skeleton (Crypt:1)
  A cherub (D:7)
  A glowing orange brain (Depths:5)
  2 torturous demonspawn
  2 spriggan druids
  10 swamp dragons
  4 unseen horrors
  A kraken simulacrum (Hell)
  12 deep elf archers
  5 flayed ghosts
  6 phantasmal warriors
  An anaconda zombie (Hell)
  5 wizards
  18 ironbrand convokers
  7 naga ritualists
  An obsidian statue (Zot:5)
  2 wolf spider zombies
  2 anaconda skeletons
  21 orc knights
  Pikel (D:6)
  14 necromancers
  A shining eye (shapeshifter) (Elf:3)
  A stone giant zombie (Crypt:3)
  53 deep elf magi
  16 ugly things
  12 orc sorcerers
  2 wolf spiders (Vaults:2)
  11 mana vipers
  9 shining eyes
  2 oklob plants (Lair:4)
  11 salamanders
  7 cyclopes
  A stone giant skeleton (Crypt:1)
  An ice statue (IceCv)
  18 moths of wrath
  17 guardian serpents
  3 elephants (Lair:6)
  9 rust devils
  A centaur zombie (D:15)
  12 vault sentinels
  A black mamba (shapeshifter) (Vaults:1)
  A frost giant skeleton (Crypt:3)
  2 smoke demons (Hell)
  16 naga magi
  A human skeleton (Vaults:1)
  33 black mambas
  5 gargoyles
  A molten gargoyle (Hell)
  An orange demon (Lair:6)
  A torpor snail (Lair:6)
  60 yaktaurs
  A hellion (Hell)
  A kobold demonologist (D:11)
  3 centaur skeletons (D:12)
  5 rime drakes
  18 spiny frogs
  2 demonic crawlers
  9 ice devils
  3 hydra zombies
  A tormentor (Depths:3)
  10 freezing wraiths
  7 komodo dragons
  2 guardian mummies (Crypt:1)
  A black draconian skeleton (Crypt:2)
  A hellwing (Lair:6)
  A meliai (shapeshifter) (Vaults:2)
  2 tengu conjurers
  10 tyrant leeches
  4 red devils
  3 meliai (D:9)
  13 trolls
  A polar bear (shapeshifter) (Vaults:1)
  20 polar bears
  A moth of wrath zombie (Crypt:2)
  2 jumping spiders (Vaults:5)
  7 blink frogs (Lair:6)
  14 hornets
  An ettin zombie (Crypt:3)
  A raiju (shapeshifter) (Vaults:5)
  2 dream sheep (D:9)
  5 hippogriffs
  133 slime creatures
  2 alligator zombies (Hell)
  17 bog bodies
  A human simulacrum (Vaults:2)
  A centaur simulacrum (D:12)
  2 fire dragon zombies
  An ice dragon zombie (Crypt:3)
  A dream sheep (shapeshifter) (Vaults:5)
  A snapping turtle (shapeshifter) (Vaults:5)
  39 flying skulls
  A redback (shapeshifter) (Vaults:5)
  4 redbacks
  6 large abominations
  11 water elementals
  A tarantella (Vaults:2)
  3 vampires
  3 air elementals
  3 shadows
  Sigmund (D:4)
  11 wraiths
  62 yaks
  4 basilisks
  8 small abominations (Depths:4)
  11 spriggans
  A steam dragon (D:11)
  15 humans (D:14)
  A neqoxec (Depths:3)
  2 wyverns
  7 hogs (Lair:5)
  5 golden eyes (Slime:5)
  9 vampire mosquitoes
  3 hungry ghosts (D:13)
  A chaos spawn (Depths:4)
  11 fire elementals
  11 swamp worms
  42 nagas
  8 wargs
  Menkaure (D:4)
  A gelid demonspawn zombie (Crypt:2)
  An ogre zombie (Vaults:1)
  9 insubstantial wisps
  An acid dragon (shapeshifter) (Depths:5)
  An acid dragon (D:14)
  6 hell hounds
  A monstrous demonspawn zombie (Crypt:1)
  8 porcupines
  3 soldier ants
  Duvessa (D:6)
  4 floating eyes
  An infernal demonspawn skeleton (Crypt:1)
  A spiny frog skeleton (Hell)
  9 water moccasins
  58 orc warriors
  6 sky beasts
  14 swamp drakes
  An ettin simulacrum (Hell)
  A sky beast (shapeshifter) (Vaults:3)
  A black bear (shapeshifter) (Vaults:3)
  2 ice beasts
  4 slaves
  A black bear (D:12)
  An eye of draining (shapeshifter) (Depths:2)
  2 phantoms (D:4)
  6 eyes of draining
  A swamp dragon zombie (Crypt:3)
  26 centaurs
  40 ogres
  2 boggarts
  5 necrophages
  4 wolves (IceCv)
  11 crocodiles
  A manticore skeleton (Crypt:1)
  2 elf zombies (Elf:1)
  A draconian zombie (Crypt:1)
  Blork the orc (D:7)
  8 big kobolds
  22 bullfrogs
  A wyvern zombie (D:12)
  9 gnoll sergeants
  A spiny frog simulacrum (Hell)
  2 water moccasin zombies
  Dowan (D:6)
  2 scorpions
  9 killer bees
  20 wights
  An orc simulacrum (Vaults:1)
  A troll skeleton (Crypt:2)
  3 electric eels
  A wolf zombie (Crypt:2)
  7 howler monkeys
  12 crimson imps
  6 jellies
  3 quasits
  12 hounds
  5 bullfrog zombies
  29 orc priests
  3 bullfrog skeletons
  2 iguanas
  A black bear skeleton (Crypt:1)
  10 worker ants
  36 orc wizards
  6 hell rats (Hell)
  A killer bee zombie (D:9)
  A hound skeleton (D:5)
  10 mummies
  A howler monkey zombie (D:5)
  A worker ant zombie (D:7)
  15 gnolls
  12 adders
  2 shadow imps
  3 oozes
  An adder skeleton (D:4)
  2 worms
  4 dart slugs
  8 leopard geckos
  97 orcs
  3 ball pythons
  4 giant cockroaches
  3 goblins
  5 hobgoblins
  8 jackals
  10 kobolds
  A quokka (D:5)
  8 bats
  5 frilled lizards
  A frilled lizard zombie (Crypt:1)
  A gnoll skeleton (Crypt:2)
  2 gnoll zombies (Ossuary)
  4 hobgoblin zombies
  A jackal zombie (D:6)
  A kobold zombie (Ossuary)
  A leopard gecko skeleton (D:5)
  3 orc zombies
  A quokka skeleton (D:5)
  A quokka zombie (D:5)
  6 rats
  A butterfly (Lair:4)
  4 fungi (Lair:5)
  3 plants
2733 creatures vanquished.

Vanquished Creatures (collateral kills)
  A polar bear (IceCv)
  An ogre (D:7)
2 creatures vanquished.

Vanquished Creatures (others)
  A stone giant (Vaults:4)
  A deep elf high priest (Elf:3)
  A vampire mage (Depths:3)
  A swamp worm (shapeshifter) (Vaults:5)
  A wolf (IceCv)
  A bush (Swamp:4)
  37 fungi
  46 plants
  4 tentacles (Hell)
  4 toadstools (Depths:1)
97 creatures vanquished.

Grand Total: 2832 creatures vanquished

Notes
Turn   | Place    | Note
-------+----------+-------------------------------------------
     0 | D:1      | fritzmikael the Gargoyle Earth Elementalist began the quest
                  | for the Orb.
     0 | D:1      | Reached XP level 1. HP: 10/10 MP: 3/3
    70 | D:1      | Reached XP level 2. HP: 16/16 MP: 0/5
   175 | D:1      | Learned a level 2 spell: Passwall
   197 | D:1      | Reached skill level 1 in Armour
   273 | D:1      | Reached skill level 1 in Fighting
   403 | D:1      | Reached skill level 4 in Earth Magic
   408 | D:1      | Reached XP level 3. HP: 20/20 MP: 0/6
   487 | D:1      | You fall into a shaft and drop 1 floor!
   799 | D:2      | Reached XP level 4. HP: 25/25 MP: 1/7
  1178 | D:2      | Found a basalt altar of Yredelemnul.
  1227 | D:2      | Reached skill level 1 in Transmutations
  1269 | D:2      | Learned a level 3 spell: Stone Arrow
  1630 | D:3      | Found a sparkling altar of Nemelex Xobeh.
  1637 | D:3      | Noticed Ijyb
  1734 | D:4      | Found a sand-covered staircase.
  1739 | Ossuary  | Entered an ossuary
  1907 | Ossuary  | Reached XP level 5. HP: 27/30 MP: 9/9
  2265 | Ossuary  | Reached skill level 1 in Conjurations
  2496 | D:4      | Found an iron altar of Okawaru.
  2506 | D:4      | Noticed Menkaure
  2518 | D:4      | Reached skill level 5 in Earth Magic
  2518 | D:4      | Reached XP level 6. HP: 9/36 MP: 6/10
  2760 | D:4      | Killed Menkaure
  2987 | D:4      | Noticed a phantom
  3003 | D:4      | Killed a phantom
  3003 | D:4      | Reached XP level 7. HP: 36/42 MP: 3/11
  3109 | D:4      | Noticed Sigmund
  3200 | D:4      | Killed Sigmund
  3200 | D:4      | Reached skill level 6 in Earth Magic
  3486 | D:5      | Entered Level 5 of the Dungeon
  3501 | D:5      | Reached XP level 8. HP: 48/48 MP: 6/13
  3780 | D:5      | Reached skill level 5 in Fighting
  3780 | D:5      | Reached skill level 5 in Armour
  3787 | D:5      | Learned a level 5 spell: Lee's Rapid Deconstruction
  4019 | D:5      | Reached skill level 7 in Earth Magic
  4650 | D:5      | Found a white marble altar of Elyvilon.
  4655 | D:5      | Reached XP level 9. HP: 54/55 MP: 13/16
  4907 | D:5      | Found a staircase to the Ecumenical Temple.
  4916 | Temple   | Entered the Ecumenical Temple
  5560 | D:3      | Found a shadowy altar of Dithmenos.
  6062 | D:5      | Found a burning altar of Makhleb.
  6208 | D:6      | Reached skill level 5 in Spellcasting
  6502 | D:6      | Noticed Pikel
  6911 | D:6      | Reached skill level 8 in Earth Magic
  7529 | D:6      | Killed Pikel
  7832 | D:6      | Noticed Dowan
  7835 | D:6      | Noticed Duvessa
  7837 | D:6      | Killed Dowan
  7841 | D:6      | Killed Duvessa
  7982 | D:7      | Reached XP level 10. HP: 63/63 MP: 10/19
  7993 | D:7      | Reached skill level 9 in Earth Magic
  7999 | D:7      | Reached skill level 1 in Short Blades
  8029 | D:7      | Found Guumm's Book Shop.
  8778 | D:7      | Noticed Blork the orc
  8783 | D:7      | Killed Blork the orc
  9100 | D:7      | Reached skill level 1 in Shields
  9483 | D:8      | Found an ornate altar of the Wu Jian Council.
  9608 | D:8      | Found Lyzireoph's Book Shop.
  9677 | D:8      | Found a hide-covered altar of Uskayaw.
  9686 | D:8      | Became a worshipper of Uskayaw the Reveler
  9821 | D:8      | Reached * piety under Uskayaw
  9823 | D:8      | Reached ** piety under Uskayaw
 10150 | D:8      | Identified the cursed +0 robe "Lusiritait" {Str+5 Int+4}
                  | (You found it on level 8 of the Dungeon)
 10232 | D:8      | Reached skill level 1 in Invocations
 10690 | D:9      | Reached *** piety under Uskayaw
 10691 | D:9      | Reached **** piety under Uskayaw
 10696 | D:9      | Reached ***** piety under Uskayaw
 10971 | D:9      | Reached skill level 5 in Shields
 10971 | D:9      | Reached XP level 11. HP: 59/69 MP: 6/20
 11050 | D:9      | Noticed a two-headed hydra
 11063 | D:9      | Killed a one-headed hydra
 11553 | D:9      | Reached skill level 10 in Earth Magic
 11741 | D:10     | Entered Level 10 of the Dungeon
 11889 | D:10     | Killed an unseen horror
 12230 | D:10     | Found Zoymnur's Lightly-Used Armoury.
 12238 | D:10     | Bought a -1 quick blade for 170 gold pieces
 12583 | D:10     | Noticed a two-headed ogre
 12601 | D:10     | Killed a two-headed ogre
 13319 | D:11     | Reached skill level 5 in Stealth
 13549 | D:11     | Found a staircase to the Orcish Mines.
 14115 | D:11     | Learned a level 4 spell: Petrify
 14163 | D:11     | Noticed a white ugly thing
 14173 | D:11     | Killed a cyan ugly thing
 14173 | D:11     | Reached XP level 12. HP: 66/76 MP: 1/21
 14699 | D:11     | Found a sacrificial altar of Ru.
 14741 | D:11     | Found a staircase to the Lair.
 15266 | D:11     | Reached skill level 11 in Earth Magic
 15278 | D:11     | Reached ****** piety under Uskayaw
 15285 | D:11     | Reached skill level 5 in Invocations
 15287 | D:11     | Reached skill level 5 in Short Blades
 15641 | Lair:1   | Entered Level 1 of the Lair of Beasts
 15666 | Lair:1   | Noticed a six-headed hydra
 15670 | Lair:1   | Killed a six-headed hydra
 15670 | Lair:1   | Reached skill level 10 in Fighting
 16454 | Lair:1   | Noticed a five-headed hydra
 16460 | Lair:1   | Killed a five-headed hydra
 17562 | Lair:3   | Found a staircase to the Snake Pit.
 17731 | Lair:3   | Identified the cursed +0 scimitar of Yhaelagh {venom,
                  | Int+2} (You found it on level 3 of the Lair of Beasts)
 18035 | Lair:3   | Found a staircase to the Swamp.
 18354 | D:7      | Bought a book of the Earth for 780 gold pieces
 18523 | Lair:3   | Noticed an eight-headed hydra
 18531 | Lair:3   | Killed an eight-headed hydra
 18719 | Lair:3   | Reached XP level 13. HP: 83/83 MP: 6/22
 19125 | Lair:3   | Learned a level 6 spell: Iron Shot
 20872 | Lair:5   | Reached skill level 12 in Earth Magic
 21251 | Lair:5   | Identified the +6 chain mail of Protective Custody {+Fly
                  | Str-3 Int+10} (You found it on level 5 of the Lair of
                  | Beasts)
 21321 | Lair:5   | Noticed Kirke
 21481 | Lair:5   | Killed Kirke
 21566 | Lair:5   | Reached skill level 10 in Shields
 21697 | Lair:5   | Reached skill level 5 in Conjurations
 21991 | Lair:5   | Found a glowing silver altar of Zin.
 22231 | Lair:5   | Found a viscous altar of Jiyva.
 22232 | Lair:5   | Found a staircase to the Slime Pits.
 22369 | Lair:6   | Entered Level 6 of the Lair of Beasts
 22867 | Lair:6   | Learned a level 3 spell: Mephitic Cloud
 23158 | Lair:6   | Gained mutation: Your large and strong wings let you fly
                  | indefinitely. [Gargoyle growth]
 23158 | Lair:6   | Reached XP level 14. HP: 86/90 MP: 5/24
 25111 | Lair:6   | Found a burning altar of Makhleb.
 25119 | Lair:6   | Found a gateway to Hell.
 25280 | Snake:1  | Entered Level 1 of the Snake Pit
 25817 | Snake:1  | Reached skill level 13 in Earth Magic
 25961 | Snake:1  | Reached skill level 10 in Stealth
 27176 | Snake:1  | Reached XP level 15. HP: 31/96 MP: 3/25
 27447 | Snake:2  | Noticed a nagaraja
 27454 | Snake:2  | Killed a nagaraja
 28703 | Snake:2  | Noticed a nagaraja
 28710 | Snake:2  | Killed a nagaraja
 29346 | Snake:2  | Noticed a nagaraja
 29357 | Snake:2  | Killed a nagaraja
 29578 | Snake:2  | Noticed a nagaraja
 29898 | Snake:3  | Got a fine ring mail
 30078 | Snake:3  | Found a runed translucent gate.
 30861 | Snake:3  | Reached skill level 14 in Earth Magic
 31002 | Snake:3  | Found a runed translucent gate.
 31003 | Snake:3  | Found a runed translucent gate.
 31204 | Snake:2  | Killed a nagaraja
 31594 | Snake:3  | Reached XP level 16. HP: 55/103 MP: 5/26
 32395 | Snake:3  | Noticed Yfast's ghost (adept TrFi)
 32395 | Snake:3  | Noticed Sagen's ghost (adept DrCj)
 32403 | Snake:3  | Noticed Tuffe's ghost (adept FoFi)
 32899 | Snake:3  | Identified the +4 ring mail of Otiremis {*Slow rElec rF+
                  | Stlth+} (You found it on level 3 of the Snake Pit)
 33091 | Snake:3  | Found a shattered altar of Ashenzari.
 33556 | Snake:3  | Killed Yfast's ghost
 33691 | Snake:3  | Identified the Incunabulum of Dislocated Evil Rituals
 33699 | Snake:3  | Learned a level 5 spell: Borgnjor's Vile Clutch
 34398 | D:12     | Found a frozen archway.
 34424 | IceCv    | Entered an ice cave
 34738 | IceCv    | Got a faintly humming hat
 34755 | IceCv    | Identified the +0 hat of Valiance {rElec rC- Int+4} (You
                  | found it in an ice cave)
 35660 | D:12     | Identified a scroll of acquirement
 35828 | D:12     | Noticed Azrael
 35836 | D:12     | Killed Azrael
 36329 | D:13     | Found Kuorr's General Store.
 36333 | D:13     | Bought a +0 cloak of invisibility for 149 gold pieces
 36966 | D:13     | Found Dolla's General Store.
 37048 | D:13     | Found Rauqaomm's Weapon Shoppe.
 37344 | D:14     | Found a gate to the Vaults.
 37344 | D:14     | Noticed Rupert
 37344 | D:14     | Noticed Nessos
 37954 | D:14     | Reached skill level 15 in Shields
 38351 | D:14     | Killed Rupert
 38351 | D:14     | Reached skill level 1 in Evocations
 38721 | D:14     | Killed Nessos
 39029 | D:14     | Reached XP level 17. HP: 84/110 MP: 8/27
 39150 | D:14     | Reached skill level 15 in Earth Magic
 39432 | D:15     | Entered Level 15 of the Dungeon
 39432 | D:15     | Noticed Louise
 39443 | D:15     | Killed Louise
 39443 | D:15     | Reached skill level 10 in Conjurations
 39944 | D:15     | Reached skill level 10 in Invocations
 40539 | D:15     | Found a staircase to the Depths.
 40706 | D:15     | Noticed Agnes
 40711 | D:15     | Killed Agnes
 41300 | Swamp:1  | Entered Level 1 of the Swamp
 42289 | Swamp:1  | Learned a level 2 spell: Blink
 44412 | Swamp:3  | Noticed Roxanne
 44416 | Swamp:3  | Killed Roxanne
 45159 | Swamp:3  | Identified the cursed +0 robe "Dienacs" {rC- Str+4 Dex+7}
                  | (You found it on level 3 of the Swamp)
 45360 | Swamp:4  | Entered Level 4 of the Swamp
 45474 | Swamp:4  | Reached XP level 18. HP: 114/117 MP: 19/31
 45527 | Swamp:4  | Reached skill level 16 in Earth Magic
 45529 | Swamp:4  | HP: 1/117 [swamp dragon (7)]
 46235 | Swamp:4  | Noticed the 27-headed Lernaean hydra
 46240 | Swamp:4  | Killed the 27-headed Lernaean hydra
 46268 | Swamp:4  | Got a decaying rune of Zot
 46571 | Swamp:4  | Reached skill level 10 in Armour
 47218 | Swamp:4  | Reached skill level 10 in Spellcasting
 47417 | Snake:4  | Entered Level 4 of the Snake Pit
 47647 | Snake:4  | Reached skill level 15 in Fighting
 47810 | Snake:4  | Noticed Mara
 47816 | Snake:4  | Killed Mara
 48421 | Snake:3  | Killed Tuffe's ghost
 49169 | Snake:4  | Reached XP level 19. HP: 73/124 MP: 17/34
 49551 | Snake:4  | Identified the cursed +1 falchion "Jellybane" {vamp, +Fly
                  | rPois rN+}
 49563 | Snake:4  | Reached skill level 17 in Earth Magic
 49903 | Snake:3  | Killed Sagen's ghost
 50569 | Snake:4  | Got a serpentine rune of Zot
 50905 | Vaults:1 | Entered Level 1 of the Vaults
 51431 | Vaults:1 | Found Laco's Jewellery Emporium.
 51483 | Vaults:1 | Bought a +4 ring of slaying for 1326 gold pieces
 51654 | Vaults:1 | Found Fuit's Assorted Antiques.
 51655 | Vaults:1 | Found Tituobbel's Assorted Antiques.
 51915 | Vaults:1 | Learned a level 9 spell: Shatter
 52677 | Vaults:1 | Identified the +9 shortbow of the Realm of Zot {velocity,
                  | Int+4}
 53228 | Vaults:1 | Found Ussumih's Assorted Antiques.
 53295 | Vaults:1 | Found Vupleipa's Weapon Shoppe.
 53652 | Vaults:2 | Noticed a lich
 53656 | Vaults:2 | Killed a lich
 53857 | Vaults:2 | Reached XP level 20. HP: 131/131 MP: 30/36
 53871 | Vaults:2 | Reached skill level 18 in Earth Magic
 54349 | Vaults:2 | Found a staircase to the Crypt.
 54398 | Crypt:1  | Entered Level 1 of the Crypt
 54460 | Crypt:1  | Paralysed by a sphinx for 5 turns
 54679 | Crypt:1  | Noticed Frederick
 54685 | Crypt:1  | Killed Frederick
 55660 | Crypt:1  | Noticed a greater mummy
 55670 | Crypt:1  | Killed a greater mummy
 55816 | Crypt:1  | Noticed Khufu
 55826 | Crypt:1  | Killed Khufu
 55827 | Crypt:1  | Identified the +7 broad axe of Responsibility {chop, Str+4
                  | Int+4 Dex-2}
 56053 | Crypt:1  | Identified Engynt Sipn's Disquisition on the Sinister
                  | Compass
 56059 | Crypt:1  | Learned a level 3 spell: Regeneration
 57503 | Crypt:2  | Reached XP level 21. HP: 138/138 MP: 24/38
 57708 | Crypt:2  | Reached skill level 19 in Earth Magic
 57879 | Crypt:3  | Entered Level 3 of the Crypt
 59162 | Crypt:3  | Found a staircase to the Tomb.
 59187 | Crypt:3  | Noticed a bone dragon
 59192 | Crypt:3  | Killed a bone dragon
 59326 | Crypt:3  | Noticed an ancient lich
 59336 | Crypt:3  | Killed an ancient lich
 59422 | Crypt:3  | Noticed Saint Roka
 59451 | Crypt:3  | Identified the ring of Secrets {rF++ rN+}
 59469 | Crypt:3  | Killed Saint Roka
 59470 | Crypt:3  | Found a basalt altar of Yredelemnul.
 60102 | Crypt:3  | Got a steaming amber ring
 60102 | Crypt:3  | Got a fine tin ring
 60103 | Crypt:3  | Identified the ring "Weqonk" {rN+ Dex+2} (You found it on
                  | level 3 of the Crypt)
 60104 | Crypt:3  | Identified the ring of Lies {rN+ Str-4 Dex+2 Slay+4} (You
                  | found it on level 3 of the Crypt)
 60684 | Vaults:2 | Found Qiciruny's General Store.
 60684 | Vaults:2 | Found Yluboef's Assorted Antiques.
 60876 | Vaults:2 | Found Sucexat's Assorted Antiques.
 61464 | Orc:1    | Entered Level 1 of the Orcish Mines
 61899 | Orc:2    | Entered Level 2 of the Orcish Mines
 61923 | Orc:2    | Found Kufash's Distillery.
 62003 | Orc:2    | Reached XP level 22. HP: 146/146 MP: 37/40
 62073 | Orc:2    | Bought a potion of heal wounds for 85 gold pieces
 62073 | Orc:2    | Bought a potion of cancellation for 136 gold pieces
 62073 | Orc:2    | Bought a potion of heal wounds for 85 gold pieces
 62200 | Orc:2    | Found Myohoh's Food Shop.
 62200 | Orc:2    | Found Oggeesif's Jewellery Boutique.
 62202 | Orc:2    | Found Huphargh's Antique Armour Boutique.
 62231 | Orc:2    | Found Xyasm's Antique Weapon Shop.
 62652 | Orc:2    | Found a staircase to the Elven Halls.
 62941 | Elf:1    | Entered Level 1 of the Elven Halls
 62943 | Elf:1    | Reached skill level 20 in Earth Magic
 63263 | Elf:1    | Found a runed translucent door.
 63263 | Elf:1    | Noticed agentgt's ghost (adept HuVM)
 63292 | Elf:1    | Killed agentgt's ghost
 63458 | Elf:1    | Identified the Guide on Black Magic
 64065 | Elf:2    | Reached skill level 15 in Spellcasting
 64113 | Elf:2    | Found a shimmering blue altar of Sif Muna.
 64133 | Elf:2    | Found a runed translucent gate.
 64134 | Elf:2    | Found a runed translucent gate.
 64135 | Elf:2    | Noticed Fejituf's ghost (adept MiFi)
 64136 | Elf:2    | Noticed Rili Hei's ghost (veteran MiBe)
 64137 | Elf:2    | Noticed UMR1352's ghost (journeyman MiFi)
 64138 | Elf:2    | Noticed Gerad's ghost (veteran VSAK)
 64140 | Elf:2    | Found a runed translucent gate.
 64271 | Elf:2    | Reached skill level 1 in Necromancy
 64522 | Elf:2    | Found Muocieki's Gadget Emporium.
 64613 | Elf:2    | Identified the +3 leather armour of Lesyfi {Str+3 Int+4}
                  | (You found it on level 2 of the Elven Halls)
 64691 | Elf:2    | Found a runed translucent gate.
 64691 | Elf:2    | Found a runed translucent gate.
 64691 | Elf:2    | Found a runed translucent gate.
 66325 | Elf:2    | Killed UMR1352's ghost
 66326 | Elf:2    | Killed Rili Hei's ghost
 66326 | Elf:2    | Reached skill level 15 in Armour
 66346 | Elf:2    | Got a coiled glass ring
 66347 | Elf:2    | Identified the ring "Atoorpha" {rPois AC+3 Int+3} (You
                  | found it on level 2 of the Elven Halls)
 66457 | Elf:3    | Entered Level 3 of the Elven Halls
 66486 | Elf:3    | Found a magical portal.
 66487 | Elf:3    | Noticed Aizul
 66502 | Elf:3    | Killed Aizul
 66917 | WizLab   | Found the +9 staff of Wucad Mu {channel}
 67548 | Elf:3    | Found a runed translucent door.
 67548 | Elf:3    | Noticed Blodwynpig's ghost (adept GrBe)
 67845 | Elf:3    | Found a shimmering blue altar of Sif Muna.
 68264 | Elf:3    | Identified the cursed +0 robe of Uffosyiz {*Drain rElec
                  | Stlth+}
 68661 | Elf:2    | Killed Fejituf's ghost
 68801 | Elf:3    | Reached XP level 23. HP: 122/155 MP: 21/42
 69304 | Elf:2    | Killed Gerad's ghost
 69687 | Elf:3    | Reached skill level 21 in Earth Magic
 70246 | Elf:3    | Identified the Collected Works on Attacks
 70258 | Elf:3    | Identified the +0 helmet of Cuvengan {Int+3} (You found it
                  | on level 3 of the Elven Halls)
 70276 | Elf:3    | Identified the Disquisition on the Helpful Mountains
 70879 | Vaults:3 | Found a roughly hewn altar of Beogh.
 74188 | Vaults:4 | Reached XP level 24. HP: 164/164 MP: 33/43
 74741 | Depths:1 | Entered Level 1 of the Depths
 75089 | Depths:1 | Found a shattered altar of Ashenzari.
 75495 | Depths:1 | Found a gateway to a ziggurat.
 76049 | Depths:1 | Reached skill level 22 in Earth Magic
 76049 | Depths:1 | Reached XP level 25. HP: 171/171 MP: 43/43
 76245 | Depths:2 | Noticed the Enchantress
 76254 | Depths:2 | Killed the Enchantress
 76688 | Depths:2 | Noticed Bai Suzhen
 76698 | Depths:2 | Killed Bai Suzhen
 78012 | Depths:2 | Found a one-way gate leading to the halls of Pandemonium.
 78187 | Depths:2 | Identified the +1 chain mail of the Rabble {+Inv MR+} (You
                  | found it on level 2 of the Depths)
 79519 | Depths:3 | Reached XP level 26. HP: 168/179 MP: 38/44
 80596 | Depths:4 | Reached skill level 23 in Earth Magic
 80599 | Depths:4 | Found a one-way gate to the infinite horrors of the Abyss.
 80640 | Depths:4 | Noticed a juggernaut
 80648 | Depths:4 | Identified the ring of the Black Skies {Fire rPois Slay+5}
 80729 | Depths:4 | Noticed a juggernaut
 81467 | Depths:4 | Found a transporter.
 81471 | Depths:4 | You are sucked into a shaft and drop 1 floor!
 81471 | Depths:5 | Entered Level 5 of the Depths
 82052 | Depths:4 | Found a transporter.
 82076 | Depths:4 | Killed a juggernaut
 82328 | Depths:4 | Killed a juggernaut
 82461 | Depths:4 | Identified the cursed +0 pair of gloves "Tyga" {rElec
                  | Dex+3} (You found it on level 4 of the Depths)
 82970 | Depths:5 | Reached XP level 27. HP: 184/186 MP: 18/45
 83421 | Depths:5 | Identified the +2 cloak "Xoteth" {*Contam Regen+ Str+5}
                  | (You acquired it on level 5 of the Depths)
 83788 | Depths:5 | Found a gate to the Realm of Zot.
 84598 | Vaults:5 | Entered Level 5 of the Vaults
 84608 | Vaults:5 | Reached skill level 24 in Earth Magic
 86569 | Vaults:5 | Got a silver rune of Zot
 87011 | Vaults:5 | Identified the +2 cloak of Melancholy {-Tele rPois MR+
                  | rCorr} (You found it on level 5 of the Vaults)
 87017 | Vaults:5 | Identified the cursed +1 rapier of Anguish {vamp, *Corrode
                  | Int+4} (You found it on level 5 of the Vaults)
 87032 | Vaults:5 | Found Busyn's Book Shoppe.
 87056 | Vaults:5 | Bought a manual of Dodging for 1545 gold pieces
 87154 | Vaults:5 | Identified the +1 robe "Jafiwaenusi" {MP+9 Int+3} (You
                  | found it on level 5 of the Vaults)
 87693 | Hell     | Entered the Vestibule of Hell
 87695 | Hell     | Noticed Geryon
 87824 | Hell     | Killed Geryon
 87987 | Hell     | Reached skill level 5 in Dodging
 87991 | Hell     | Reached skill level 25 in Earth Magic
 88530 | Hell     | Found a gateway to the decaying netherworld of Tartarus.
 88581 | Hell     | Found a gateway to the freezing wastes of Cocytus.
 88760 | Hell     | Found a gateway to the Iron City of Dis.
 88819 | Hell     | Found a gateway to the ashen valley of Gehenna.
 89174 | Zot:1    | Entered Level 1 of the Realm of Zot
 96001 | Zot:4    | Reached skill level 10 in Short Blades
 96925 | Zot:5    | Entered Level 5 of the Realm of Zot
 96938 | Zot:5    | Noticed an orb of fire
 97399 | Zot:5    | Reached skill level 10 in Dodging
 97959 | Zot:5    | Noticed an orb of fire
 97968 | Zot:5    | Killed an orb of fire
 98037 | Zot:5    | Noticed an ancient lich
 98045 | Zot:5    | Noticed an ancient lich
 98049 | Zot:5    | Killed an ancient lich
 98050 | Zot:5    | Killed an ancient lich
 98050 | Zot:5    | Reached skill level 26 in Earth Magic
 98208 | Zot:5    | Noticed an orb of fire
 98211 | Zot:5    | Gained mutation: You are frail. (-10% HP) [an orb of fire]
 98212 | Zot:5    | Gained mutation: Your mind is acute. (Int +2) [an orb of
                  | fire]
 98213 | Zot:5    | Killed an orb of fire
 98297 | Zot:5    | Noticed an ancient lich
 98410 | Zot:5    | Killed an ancient lich
 98414 | Zot:5    | Gained mutation: You are very frail. (-20% HP) [an orb of
                  | fire]
 98416 | Zot:5    | Gained mutation: Your body sometimes deteriorates upon
                  | taking damage. [an orb of fire]
 98420 | Zot:5    | Killed an orb of fire
 98528 | Zot:4    | Lost mutation: Your body sometimes deteriorates upon taking
                  | damage. [potion of mutation]
 98528 | Zot:4    | Lost mutation: Your mind is acute. (Int +2) [potion of
                  | mutation]
 98528 | Zot:4    | Gained mutation: You expend magic power (3 MP) to
                  | strengthen your wands. [potion of mutation]
 98528 | Zot:4    | Gained mutation: You possess an exceptional clarity of
                  | mind. [potion of mutation]
 98529 | Zot:4    | Lost mutation: You possess an exceptional clarity of mind.
                  | [potion of mutation]
 98529 | Zot:4    | Lost mutation: You are very frail. (-20% HP) [potion of
                  | mutation]
 98529 | Zot:4    | Gained mutation: You are very frail. (-20% HP) [potion of
                  | mutation]
 98529 | Zot:4    | Gained mutation: Your spells are a little harder to cast,
                  | but a little more powerful. [potion of mutation]
 98530 | Zot:4    | Lost mutation: Your spells are a little harder to cast, but
                  | a little more powerful. [potion of mutation]
 98530 | Zot:4    | Lost mutation: You expend magic power (3 MP) to strengthen
                  | your wands. [potion of mutation]
 98530 | Zot:4    | Gained mutation: You are partially covered in icy blue
                  | scales. (AC +2) [potion of mutation]
 98530 | Zot:4    | Gained mutation: You expend magic power (3 MP) to
                  | strengthen your wands. [potion of mutation]
 98530 | Zot:4    | Gained mutation: You have a pair of small antennae on your
                  | head. [potion of mutation]
 98531 | Zot:4    | Lost mutation: You have a pair of small antennae on your
                  | head. [potion of mutation]
 98531 | Zot:4    | Lost mutation: You are partially covered in icy blue
                  | scales. (AC +2) [potion of mutation]
 98531 | Zot:4    | Lost mutation: You are very frail. (-20% HP) [potion of
                  | mutation]
 98531 | Zot:4    | Lost mutation: You expend magic power (3 MP) to strengthen
                  | your wands. [potion of mutation]
 98531 | Zot:4    | Gained mutation: Your flesh is cold resistant. (rC+)
                  | [potion of mutation]
 98531 | Zot:4    | Gained mutation: You are clumsy. (Dex -2) [potion of
                  | mutation]
 98531 | Zot:4    | Gained mutation: You have a pair of small horns on your
                  | head. [potion of mutation]
 98534 | Zot:4    | Lost mutation: You are frail. (-10% HP) [potion of
                  | mutation]
 98534 | Zot:4    | Lost mutation: You are clumsy. (Dex -2) [potion of
                  | mutation]
 98534 | Zot:4    | Lost mutation: You have a pair of small horns on your head.
                  | [potion of mutation]
 98534 | Zot:4    | Gained mutation: Your muscles are strong. (Str +2) [potion
                  | of mutation]
 98534 | Zot:4    | Gained mutation: You are partially covered in large bone
                  | plates. (SH +4) [potion of mutation]
 98534 | Zot:4    | Gained mutation: You are partially covered in thin metallic
                  | scales. (AC +2) [potion of mutation]
 98646 | Zot:5    | Noticed an ancient lich
 98646 | Zot:5    | Noticed an orb of fire
 98647 | Zot:5    | Paralysed by an ancient lich for 4 turns
 98649 | Zot:5    | Gained mutation: Potions are less effective at restoring
                  | your health. [an orb of fire]
 98655 | Zot:5    | Killed an ancient lich
 98659 | Zot:5    | Killed an orb of fire
 98982 | Zot:5    | Noticed an ancient lich
 98988 | Zot:5    | Killed an ancient lich
 99523 | Zot:5    | Noticed an orb of fire
 99859 | Zot:4    | Killed an orb of fire
101000 | Zot:5    | Noticed an ancient lich
101247 | Zot:5    | Killed an ancient lich
101923 | Slime:1  | Entered Level 1 of the Pits of Slime
104574 | Slime:5  | Entered Level 5 of the Pits of Slime
104802 | Slime:5  | Reached skill level 27 in Earth Magic
104943 | Slime:5  | Gained mutation: Your body sometimes deteriorates upon
                  | taking damage. [a shining eye]
104944 | Slime:5  | Gained mutation: You are frail. (-10% HP) [a shining eye]
105101 | Slime:5  | Noticed the Royal Jelly
105110 | Slime:5  | Killed the Royal Jelly
105110 | Slime:5  | Reached skill level 15 in Invocations
105661 | Slime:5  | Identified the cursed +0 pair of boots "Inouf" {Str+4 Int+2
                  | Stlth+} (You found it on level 5 of the Pits of Slime)
105726 | Slime:5  | Got a slimy rune of Zot
106894 | Zot:5    | Got the Orb of Zot
106941 | Zot:4    | Noticed Dakhios the pandemonium lord
107083 | Zot:1    | Noticed Lyset the pandemonium lord
107263 | Depths:1 | Noticed Colob the pandemonium lord
107277 | Depths:1 | Paralysed by a floating eye for 2 turns
107307 | Depths:1 | Paralysed by a floating eye for 4 turns
107726 | D:$      | Escaped with the Orb!

Levels and vault maps discovered:
D:1:      lemuel_arrival_tunnels, layout_rooms
D:2:      layout_rooms, lemuel_doored_altar
D:3:      layout_loops_ring, nemelex_xobeh_ov_fountains_minmay,
          nicolae_dithmenos_through_a_glass_darkly, uniq_ijyb
D:4:      layout_cave_pools, overflow_temple_1_default, enter_ossuary_2,
          kennysheep_generic_room_15, uniq_menkaure, uniq_sigmund
D:5:      layout_loops_ring, elyvilon_altar_1,
          minmay_temple_entry_statues_pillars, first_ration,
          serial_bayou_pond_b, nrook_mini_vaults, makhleb_blood_cavern_becter
D:6:      layout_loops_ring, uniq_duvessa, uniq_pikel
D:7:      layout_rooms, serial_shops, nicolae_shop_trees, sword_in_stone
D:8:      kennysheep_big_flooded_room, layout_layer_cave, minitemple,
          serial_shops, shop
D:9:      layout_basic, hangedman_ranch [blue_anna_fruit_fields]
D:10:     layout_loops_corners, grunt_ministairs_1, minmay_shop_damaged
D:11:     layout_cave_pods, erik_lair_orcish_takeover,
          kennysheep_orc_monster_closet_entryway, nicolae_ru_awakened_eye
D:12:     kennysheep_six_static_rooms, layout_basic,
          portal_ice_cave_entry_pillars_2, hangedman_weighted_door, uniq_azrael
D:13:     layout_roguey, serial_shops, shop, shop, kennysheep_mini
D:14:     statuecave_lemuel, layout_loops_corners, david_vaults_3,
          infiniplex_staircase_spiral_double
D:15:     grunt_enter_depths_hoard, layout_basic, minmay_misc_feat_iff,
          uniq_rupert, uniq_agnes, uniq_nessos, uniq_louise
Temple:   regret_index_temple_waves
Lair:1:   layout_roguey
Lair:2:   layout_regular_city
Lair:3:   layout_hall_layers, minmay_swamp_entry_swarm,
          guppyfry_snake_entry_island, lemuel_fruit_tree,
          infiniplex_staircase_pool_2
Lair:4:   dpeg_oklob_shooting_range, layout_misc_corridors,
          beast_lair_carwin_10, lemuel_fruit_fields, lemuel_fruit_fields,
          minmay_lair_oklob_chamber
Lair:5:   layout_hall_layers, dpeg_slime_entry_enclosed_altar, basic_altar,
          minivault_27, serial_bayou_pond_a, uniq_kirke
Lair:6:   evil_forest, layout_loops_ring
Swamp:1:  layout_basic_swamp, nicolae_swamp_dense_foliage, swamp_pool4
Swamp:2:  layout_falls_marsh, evilmike_swamp_ruin_house_3
Swamp:3:  layout_basic_swamp, hangedman_swamp_ruin_wall, uniq_roxanne
Swamp:4:  grunt_swamp_rune_castle, layout_basic_swamp, swamp_pool1,
          nicolae_swamp_spriggan_camp
Snake:1:  layout_gridlike
Snake:2:  layout_basic
Snake:3:  layout_onion, gammafunk_ghost_cemetery, lemuel_altar_in_water2
Snake:4:  snake_hunt, layout_cave_town, drop_trap, grunt_megastairs_2, uniq_mara
Slime:1:  layout_caves
Slime:2:  cheibrodos_slime_lost_civilization_8, layout_caves
Slime:3:  layout_caves, basic_altar, cheibrodos_slime_lost_civilization_5
Slime:4:  layout_caves
Slime:5
Orc:1:    layout_diamond_mine
Orc:2:    st_orc_mages, layout_diamond_mine, serial_shops, shop
Elf:1:    eino_elf_arrival_shootout, layout_gridlike, ebering_ghost_inner_flame,
          minmay_elf_necromancy
Elf:2:    layout_onion_city, serial_shops, nicolae_shop_crystal,
          gammafunk_ghost_cemetery, basic_altar
Elf:3:    minmay_elf_hall_quartered_circle, layout_geoelf_castle,
          gammafunk_ghost_grave, mu_enter_wizlab_4, david_defended_altar_elf,
          uniq_aizul
Vaults:1: vaults_room_hangedman_quadrants, v_misc_1, v_alt_pattern_5,
          vaults_mumra_minichess_inversion, nicolae_vaults_twisting_passages,
          grunt_vaults_diagonal, vaults_room_door_ring, hangedman_vaults_maws,
          layout_vaults_quadrants, serial_shops,
          nicolae_shop_temple_entry_statues_fountains, shop,
          nicolae_shop_overgrown_old_shop, nicolae_shop_statue_plus, shop
Vaults:2: v_misc_24, minmay_crypt_entry_simple_round,
          hangedman_vaults_hard_town_square, ontoclasm_vaults_eye,
          hangedman_vaults_unwind, v_rooms_4, vaults_mumra_chevron_long,
          hangedman_vaults_snaps, v_misc_29, nicolae_vaults_big_angled_halls,
          ontoclasm_vaults_loading_screen, vaults_room_grid,
          ontoclasm_vaults_decontamination, layout_vaults_omnibox, serial_glass
Vaults:3: hangedman_vaults_corner, grunt_vaults_bifocal,
          nicolae_vaults_windows_and_doors_thing, special_room_vaults
          [special_room_orc], vaults_standard_mumra_x, ontoclasm_vaults_hangar,
          vaults_room_door_hall, vaults_mumra_chevron, grunt_vaults_focal,
          v_misc_26, layout_vaults_ring
Vaults:4: nicolae_vaults_little_squares_2, nicolae_vaults_bisected_slash,
          hangedman_vaults_maws, grunt_vaults_twisty, v_misc_2, v_pattern_4,
          vaults_room_stairs_pillars, v_alt_pattern_2,
          grunt_vaults_hallway_long, nicolae_vaults_specimen_jars,
          vaults_room_semicircle, st_hourglassy, ontoclasm_vaults_twist,
          layout_vaults_chaotic_city
Vaults:5: serial_shops
Crypt:1:  ragdoll_tomb_raider, layout_misc_corridors, uniq_frederick, uniq_khufu
Crypt:2:  layout_misc_corridors, lemuel_nasty_fountain
Crypt:3:  cryptofortress_bobbens, uniq_saint_roka
Depths:1: layout_long_grid, enter_ziggurat_c, hangedman_abyss_or_decor_stagger,
          hell_entry, minmay_gold_behind_fungi, evilmike_ruin_ashenzari
Depths:2: evilmike_lava_path, layout_small_grid, columned_hall_lemuel,
          serial_co_window_serial, co_window_of_opportunity_a,
          co_window_corner_a, co_window_corner_a, co_window_of_opportunity_a,
          co_window_paths_a, co_window_of_opportunity_a,
          co_window_of_opportunity_b, co_window_broadway_c,
          co_window_unsneaky_path_a, glass_columns_a, glass_columns_b,
          glass_columns_b, glass_columns_c, glass_columns_a, hell_entry,
          pan_entry, minmay_orc_keep, uniq_bai_suzhen, uniq_enchantress
Depths:3: minmay_box_of_statues, layout_gridville, rand_demon_pan_entry_4,
          minmay_tree_intersection, pf_vacation_house_of_asmodeus,
          infiniplex_staircase_pillars_1, serial_bayou_shore_b,
          serial_bayou_shore_b
Depths:4: gammafunk_the_bubble [the_bubble_gammafunk_grid], layout_cross,
          hangedman_coc_ice_floe, minmay_room_of_horrors, grunt_ministairs_6,
          infiniplex_staircase_river, grunt_megastairs_1
Depths:5: evilmike_zot_entry_diamond, layout_gridlike, minmay_misc_feat_rows,
          hell_entry, onia_ninara_cookie
Hell
Zot:1:    minmay_elemental_castle, layout_misc_corridors,
          hangedman_zot_wheel_spokes
Zot:2:    kennysheep_room_grid, layout_gridlike
Zot:3:    layout_gridlike
Zot:4:    layout_cathedral_of_symmetry, grunt_ministairs_6
Zot:5:    layout_twisted_circle, grunt_ministairs_2

Skill      XL: |  1  2  3  4  5  6  7  8  9 10 11 12 13 14 15 16 17 18 19 20 21 22 23 24 25 26 27 |
---------------+----------------------------------------------------------------------------------+-----
Armour         | 1 2 3 4 5 7 9 10 11 12 14 15 16 17 19 23 | 23.0
Fighting       | 1 2 3 4 5 7 8 9 10 11 12 13 14 15 16 17 19 20 21 22 25 | 25.8
Earth Magic    | 4 5 6 7 8 9 10 11 12 13 14 15 16 17 18 19 20 21 22 23 27 | 27.0
Transmutations | 1 |  1.0
Conjurations   | 1 2 3 5 6 8 9 10 | 10.0
Spellcasting   | 3 4 6 7 9 11 12 13 14 15 16 17 18 21 | 21.3
Short Blades   | 1 3 5 6 7 8 10 | 10.0
Stealth        | 3 6 7 9 10 11 12 | 12.0
Shields        | 5 7 8 10 12 13 15 | 15.0
Invocations    | 3 4 5 6 8 9 10 15 | 15.3
Evocations     | 2 |  2.0
Dodging        | 2 12 | 12.0
Necromancy     | 1 |  1.0

Action                   |  1- 3 |  4- 6 |  7- 9 | 10-12 | 13-15 | 16-18 | 19-21 | 22-24 | 25-27 || total
-------------------------+-------+-------+-------+-------+-------+-------+-------+-------+-------++-------
Melee: Unarmed           |     4 |    12 |       |       |       |       |       |       |       ||    16
       Dagger            |       |    30 |   190 |       |       |       |       |       |       ||   220
       Rapier            |       |       |    10 |   416 |   427 |       |       |       |       ||   853
       Quick blade       |       |       |       |   177 |   252 |  1379 |  1278 |  1382 |  2217 ||  6685
       Hand axe          |       |       |       |     3 |       |       |       |       |       ||     3
       Staff             |       |       |       |       |       |       |       |       |     1 ||     1
 Fire: Shortbow          |       |       |     9 |       |       |       |       |       |       ||     9
Throw: Stone             |       |     4 |     1 |     3 |       |       |       |     1 |     1 ||    10
       Dart              |       |       |       |    64 |    34 |    17 |       |       |       ||   115
 Cast: Sandblast         |    39 |    75 |   117 |    54 |    54 |   161 |    34 |    31 |    43 ||   608
       Stone Arrow       |       |     2 |    48 |   112 |   188 |   140 |    17 |    12 |     4 ||   523
       Lee's Rapid Decon |       |       |     9 |    56 |   124 |    67 |   136 |   118 |   164 ||   674
       Petrify           |       |       |       |     6 |       |       |       |       |       ||     6
       Iron Shot         |       |       |       |       |     6 |   126 |   110 |   104 |   326 ||   672
       Mephitic Cloud    |       |       |       |       |       |     5 |       |    16 |     1 ||    22
       Borgnjor's Vile C |       |       |       |       |       |     3 |       |     4 |    10 ||    17
       Blink             |       |       |       |       |       |       |     1 |     2 |     1 ||     4
       Regeneration      |       |       |       |       |       |       |       |     7 |    15 ||    22
       Shatter           |       |       |       |       |       |       |       |       |   197 ||   197
Invok: Line Pass         |       |       |       |       |     1 |     5 |     5 |     3 |     5 ||    19
       Grand Finale      |       |       |       |       |       |     1 |     3 |     3 |     9 ||    16
       Stomp             |       |       |       |       |       |       |     4 |     3 |       ||     7
 Abil: Fly               |       |       |       |       |     1 |       |       |       |       ||     1
Evoke: Wand              |       |    11 |    21 |    15 |    10 |    10 |     4 |     6 |     9 ||    86
       Lamp of fire      |       |       |       |       |       |       |       |     2 |     2 ||     4
       Staff of Wucad Mu |       |       |       |       |       |       |       |     1 |       ||     1
  Use: Scroll            |       |     4 |     1 |    25 |    20 |    20 |     4 |    13 |    38 ||   125
       Potion            |       |       |       |    13 |     9 |     7 |     2 |     5 |    16 ||    52
 Stab: Sleeping          |       |       |     1 |    11 |    10 |    26 |     7 |    13 |     6 ||    74
       Paralysed         |       |       |       |    35 |    62 |   122 |   131 |   103 |   219 ||   672
       Petrifying        |       |       |       |     3 |       |       |       |       |       ||     3
       Petrified         |       |       |       |     3 |       |       |       |       |       ||     3
       Distracted        |       |       |       |       |     1 |     3 |     4 |     4 |     3 ||    15
       Confused          |       |       |       |       |       |     7 |     3 |    10 |     4 ||    24
  Eat: Chunk             |       |     4 |    19 |    38 |    33 |    72 |    29 |    40 |    61 ||   296
       Ration            |       |     1 |     1 |     4 |    12 |    11 |    12 |     6 |    41 ||    88
Armor: Robe              |     3 |    17 |    49 |   175 |   181 |   298 |    20 |       |       ||   743
       Leather armour    |       |       |    89 |    63 |       |       |       |       |       ||   152
       Fire dragon scale |       |       |       |       |       |       |   205 |   347 |   412 ||   964
       Shadow dragon sca |       |       |       |       |       |       |       |       |   330 ||   330
Dodge: Dodged            |    12 |    35 |   178 |   241 |   226 |   274 |   115 |   159 |   401 ||  1641
       Deflected         |       |       |       |       |       |    10 |    16 |    24 |    45 ||    95
Block: Shield            |       |       |       |   264 |   451 |   519 |   388 |   440 |   858 ||  2920
